 Dungeon Crawl Stone Soup version 0.31-a0-986-g5e6e4ef867 (webtiles) character file.

Game seed: 13611380258772706920

94 wildpjah the Digger (level 4, -5/24 HPs)
             Began as a Gargoyle Earth Elementalist on Nov 25, 2023.
             Slain by a gnoll
             ... wielding a +0 flail
              (7 damage)
             ... on level 2 of the Dungeon.
             The game lasted 00:04:07 (1894 turns).

wildpjah the Digger (Gargoyle Earth Elementalist)   Turns: 1894, Time: 00:04:07

Health: -5/24      AC:  5    Str: 12    XL:     4   Next: 63%
Magic:  0/8        EV: 12    Int: 17    God:
Gold:   152        SH:  0    Dex: 10    Spells: 7/8 levels left

rFire   . . .        i - +0 dagger
rCold   . . .        (no shield)
rNeg    + . .        a - +0 robe
rPois   ∞            (no helmet)
rElec   +            (no cloak)
rCorr   .            (no gloves)
SInv    .            (no boots)
Will    .....        (no amulet)
Stlth   ++           (no ring)
HPRegen 0.24/turn    (no ring)
MPRegen 0.11/turn

%: no passive effects
@: no status effects
A: sickness immunity, AC +3, negative energy resistance 1, electricity
resistance, torment resistance 1, petrification resistance
a: no special abilities


You were on level 2 of the Dungeon.
You visited 1 branch of the dungeon, and saw 2 of its levels.

You collected 152 gold pieces.

Inventory:

Hand Weapons
 i - a +0 dagger (weapon)
Armour
 a - a +0 robe (worn)
Jewellery
 g - a ring of wizardry
Scrolls
 e - a scroll of teleportation {unknown}
 h - a scroll of poison {unknown}
 j - a scroll of noise {unknown}
 m - a scroll of vulnerability {unknown}
 n - a scroll of blinking {unknown}
Potions
 b - a potion of magic
 c - a potion of lignification {unknown}
 d - a potion of brilliance {unknown}
 f - 2 potions of enlightenment {unknown}
 k - a potion of haste {unknown}
 l - a potion of mutation {unknown}
 o - a potion of attraction {unknown}


   Skills:
 + Level 1.7 Dodging
 + Level 2.3 Stealth
 + Level 2.7 Spellcasting
 + Level 0.8 Transmutations
 + Level 5.5 Earth Magic


You had 7 spell levels left.
You knew the following spells:

 Your Spells              Type           Power      Damage    Failure   Level
a - Sandblast             Erth           42%        2d11      1%          1

Your spell library contained the following spells:

 Spells                   Type           Power      Damage    Failure   Level
 Passwall                 Tmut/Erth      10%        N/A       8%          2
 Stone Arrow              Conj/Erth      22%        3d8       17%         3
 Petrify                  Tmut/Erth      13%        N/A       43%         4
 Brom's Barrelling Bould  Conj/Erth      11%        2d3       50%         4


Dungeon Overview and Level Annotations

Branches:
Dungeon (2/15)

Altars:


Innate Abilities, Weirdness & Mutations

You are immune to sickness and miasma.
Your stone body is resilient. (AC +3)
You are immune to poison.
You resist negative energy. (rN+)
You are resistant to electric shocks. (rElec)
You are resistant to unholy torment.
You are immune to petrification.


Message History

The gnoll hits you from afar with a +0 spear.
Aiming: Sandblast (safe; 1% risk of failure)
Press: ? - help, Q - select action Shift-Dir - straight line, f/p - gnoll
Aim: a gnoll, wielding a +0 spear (moderately wounded, 85% to hit)
The blast of sand hits the gnoll.
The gnoll is severely wounded.
The gnoll completely misses you. The gnoll closely misses you.
Aiming: Sandblast (safe; 1% risk of failure)
Press: ? - help, Q - select action Shift-Dir - straight line, f/p - gnoll
Aim: a gnoll, wielding a +0 spear (severely wounded, 85% to hit)
The blast of sand hits the gnoll!
You kill the gnoll!
The gnoll hits you with a +0 flail.
Aiming: Sandblast (safe; 1% risk of failure)
Press: ? - help, Q - select action Shift-Dir - straight line, f - gnoll
Aim: a gnoll, wielding a +0 flail (85% to hit)
The blast of sand hits the gnoll.
The gnoll is heavily wounded.
The gnoll closely misses you.
A jackal comes into view.
The gnoll hits you with a +0 flail.
Okay, then.
i - a +0 dagger (weapon)
The jackal barks!
You hit the gnoll but do no damage.
The gnoll is heavily wounded.
The gnoll hits you with a +0 flail.
* * * LOW HITPOINT WARNING * * *
You completely miss the gnoll.
The gnoll is moderately wounded.
The gnoll hits you with a +0 flail.
* * * LOW HITPOINT WARNING * * *
You hit the gnoll.
The gnoll is severely wounded.
The gnoll barely misses you.
You barely miss the gnoll.
The gnoll is severely wounded.
A jackal comes into view.
The gnoll hits you with a +0 flail!
You die...

#. .h# #. ...#### #.
....... #. ....... #.
....... ########## #.
.....). #........# #.
#.#...h#####........####
#.....g@........<.......
#......#####........####
#......#####............
#......:.............###
#..........†.>.......# #
#....................# #
#....................###
#.......................
......#######.....


You could see a gnoll and 2 jackals.

Vanquished Creatures
  2 gnolls (D:2)
  3 adders (D:2)
  2 worms (D:2)
  4 bats
  4 endoplasms
  2 giant cockroaches
  7 goblins
  3 hobgoblins
  2 kobolds (D:2)
  2 quokkas
  5 ball pythons
  4 frilled lizards
  A rat (D:1)
41 creatures vanquished.

Notes
Turn   | Place    | Note
-------+----------+-------------------------------------------
     0 | D:1      | wildpjah the Gargoyle Earth Elementalist began the quest
                  | for the Orb.
     0 | D:1      | Reached XP level 1. HP: 10/10 MP: 3/3
   189 | D:1      | Reached skill level 4 in Earth Magic
   189 | D:1      | Reached XP level 2. HP: 15/15 MP: 3/5
  1058 | D:2      | Reached XP level 3. HP: 19/19 MP: 3/6
  1516 | D:2      | Reached skill level 5 in Earth Magic
  1547 | D:2      | Reached XP level 4. HP: 24/24 MP: 3/7
  1892 | D:2      | HP: 1/24 [gnoll/+0 flail (3)]
  1894 | D:2      | Slain by a gnoll

Illustrated notes

Levels and vault maps discovered:
D:1:      eino_arrival_druids_welcome, layout_loops_ring, serial_bayou_lagoon_a,
          minivault_24, serial_bayou_lagoon_b
D:2:      layout_basic, dreamdust_mushroom_princess,
          nicolae_concentric_dashed_squares_mild, grunt_ministairs_9,
          minmay_statues_item, minmay_puff

Skill      XL: |  1  2  3 |
---------------+----------+-----
Earth Magic    | 4 5 |  5.5
Dodging        | |  1.7
Stealth        | |  2.3
Spellcasting   | |  2.7
Transmutations | |  0.8

Action                     |  1- 3 |  4- 6 || total
---------------------------+-------+-------++-------
  Melee: Unarmed           |     1 |       ||     1
         Dagger            |       |     4 ||     4
   Cast: Sandblast         |    49 |    16 ||    65
 Armour: Robe              |    11 |     9 ||    20
  Dodge: Dodged            |    10 |     7 ||    17

Table legend: (Time is in decaauts)
 A = Elapsed time spent in this place.
 B = Non-inter-level travel time spent in this place.
 C = Inter-level travel time spent in this place.
 D = Time resting spent in this place.
 E = Time spent auto-exploring this place.
 F = Levels seen in this place.
 G = Mean time per level.
                   A        B        C        D        E       F      G
               +--------+--------+--------+--------+--------+-----+--------+
         Total |   1960 |   1933 |     27 |      0 |   1696 |   2 |  980.0 |
       Dungeon |   1960 |   1933 |     27 |      0 |   1696 |   2 |  980.0 |
               +--------+--------+--------+--------+--------+-----+--------+

Top non-repeatable levels by time:
     D:1: 1030 daAuts
     D:2: 930 daAuts
